 Dungeon Crawl Stone Soup version 0.23.0 (webtiles) character file.

Game seed: 6978049870767408567

84 Ivernyr the Sneak (level 4, 18/18 HPs)
             Began as a Felid Enchanter on Feb 9, 2019.
             Got out of the dungeon alive.
             The game lasted 00:17:14 (3065 turns).

Ivernyr the Sneak (Felid Enchanter)                 Turns: 3065, Time: 00:17:14

Health: 18/18      AC:  1    Str:  4    XL:     4   Next: 24%
Magic:  8/8        EV: 19    Int: 17    God:
Gold:   94         SH:  0    Dex: 17    Spells: 2/8 levels left
                                        Lives:  0   Deaths: 1

rFire    . . .     SeeInvis +     - Unarmed
rCold    + . .     Gourm    .   (shield unavailable)
rNeg     + . .     Faith    .   (armour unavailable)
rPois    .         Spirit   .   (helmet unavailable)
rElec    .         Reflect  .   (cloak unavailable)
rCorr    .         Harm     .   (gloves unavailable)
MR       .....                  (boots unavailable)
Stlth    ++++......             k - amulet of the acrobat
HPRegen  0.06/turn              e - ring of protection from cold
MPRegen  0.11/turn              o - ring of positive energy

@: quick
A: very small, no armour, no weapons or thrown items, stealth, claws 1, fangs 3,
see invisible, carnivore, speed 1, shaggy fur 1, slow metabolism 1, sharp paws
a: no special abilities


You escaped.
You were not hungry.

You visited 1 branch of the dungeon, and saw 2 of its levels.

You collected 94 gold pieces.

Inventory:

Jewellery
 e - a ring of protection from cold (left paw)
 h - an uncursed ring of flight
 k - an amulet of the acrobat (around neck)
 o - a ring of positive energy (right paw)
Wands
 l - a wand of clouds (8)
Scrolls
 c - a scroll of identify {unknown}
 d - 2 scrolls of teleportation {unknown}
 g - 2 scrolls of remove curse {unknown}
 m - 4 scrolls of amnesia {unknown}
 n - 2 scrolls of fear {unknown}
Potions
 a - a potion of invisibility {unknown}
 f - a potion of mutation {unknown}
 i - a potion of curing {unknown}
 j - a potion of degeneration {unknown}
Comestibles
 b - 3 rations


   Skills:
 + Level 4.1 Dodging
 * Level 6.4 Stealth
 - Level 1.0 Unarmed Combat
 + Level 2.5 Spellcasting
 + Level 5.6 Hexes


You had 2 spell levels left.
You knew the following spells:

 Your Spells              Type           Power        Failure   Level  Hunger
a - Corona                Hex            ###....      1%          1    #......
b - Ensorcelled Hibernat  Hex/Ice        ##....       9%          2    ##.....
c - Confuse               Hex            ###.....     5%          3    ###....

Your spell library contained the following spells:

 Spells                   Type           Power        Failure   Level  Hunger
 Tukima's Dance           Hex            ###.....     5%          3    ###....
 Dazzling Spray           Conj/Hex       ##....       17%         3    ###....


Dungeon Overview and Level Annotations

Branches:
Dungeon (2/15)

Altars:


Innate Abilities, Weirdness & Mutations

You cannot wear armour.
You are incapable of wielding weapons or throwing items.
Your paws allow you to move quietly. (Stealth)
You have sharp claws.
You have razor-sharp teeth.
You have supernaturally acute eyesight. (SInv)
You are carnivorous and can eat meat at any time.
You cover ground quickly.
You are covered in fur. (AC +1)
You have a slow metabolism.
Your sharp claws are effective at attacking unaware monsters.


Message History

* * * LOW HITPOINT WARNING * * *
The jelly is heavily wounded.
The jelly hits you.
* * * LOW HITPOINT WARNING * * *
The acid corrodes you!
You are splashed with acid!
You die...
You are now level 4!
You rejoin the land of the living...
You can't grasp things well enough to throw them.
(D) Dungeon
Where to? (? - help)
What level of the Dungeon? (default 1, ? - help)
There is a stone staircase leading up here.
You climb upwards.
There is a stone staircase leading down here.
There is a staircase leading out of the dungeon here.
Are you sure you want to leave the Dungeon?
This will make you lose the game!
Uppercase [Y]es or [N]o only, please.
Are you sure you want to leave the Dungeon?
This will make you lose the game!
You have escaped!

#.#.#.#.#.#.#...#.# #.#
#.###.###.#.#####.# #.#
#.........#.......###.#
#.###.###.#.#####.....#
#.#.#.#.#.#.#...#[....##
#.#.###.#.###.###......#########
##.#.....#.....#................#
...###.###.###.###......#######)#
#....#.#...#.#..@#..##.## #.#
##.###.#####.#####..##.# #.#
#.......(.........###.# #.#
#####..#.....########+## #.#
##...#.#.# ##...## ##.# ###.#.#.#
##.....## #..# # #.#...#
##.......## #.#.
#########)....####.........###...
.................'.......[.+.....


There were no monsters in sight!

Vanquished Creatures
  2 jellies (D:2)
  An adder (D:2)
  10 oozes (D:2)
  A worm (D:2)
  A dart slug (D:1)
  2 leopard geckos
  2 ball pythons (D:1)
  2 bats (D:2)
  4 goblins
  3 hobgoblins (D:1)
  4 jackals (D:2)
  3 frilled lizards (D:1)
  14 kobolds
  7 rats
56 creatures vanquished.

Vanquished Creatures (others)
  2 fungi (D:2)
  9 toadstools (D:2)
11 creatures vanquished.

Grand Total: 67 creatures vanquished

Notes
Turn   | Place    | Note
-------+----------+-------------------------------------------
     0 | D:1      | Ivernyr the Felid Enchanter began the quest for the Orb.
     0 | D:1      | Reached XP level 1. HP: 7/7 MP: 4/4
   384 | D:1      | Reached XP level 2. HP: 6/11 MP: 6/6
   548 | D:1      | Learned a level 2 spell: Ensorcelled Hibernation
  1836 | D:2      | Reached skill level 5 in Stealth
  1939 | D:2      | Reached XP level 3. HP: 14/14 MP: 4/7
  2036 | D:2      | Reached skill level 5 in Hexes
  2192 | D:2      | Learned a level 3 spell: Confuse
  2733 | D:2      | Reached XP level 4. HP: 14/18 MP: 8/8
  2950 | D:2      | Reached skill level 6 in Stealth
  2987 | D:2      | Reached XP level 5. HP: 16/21 MP: 0/9
  3008 | D:2      | Splashed by a jelly's acid
  3009 | D:2      | Reached XP level 4. HP: -5/18 MP: 0/8
  3065 | D:$      | Got out of the dungeon alive.

Skill      XL: |  1  2  3  4 |
---------------+-------------+-----
Dodging        | 3 4 |  4.1
Stealth        | 5 6 |  6.4
Hexes          | 5 |  5.6
Unarmed Combat | |  1.0
Spellcasting   | |  2.5

Action                   |  1- 3 |  4- 6 || total
-------------------------+-------+-------++-------
Melee: Unarmed           |   144 |    42 ||   186
       Bite              |     9 |     5 ||    14
 Cast: Corona            |     1 |       ||     1
       Ensorcelled Hiber |    25 |    11 ||    36
 Stab: Sleeping          |    26 |     4 ||    30
       Distracted        |       |     1 ||     1
  Eat: Chunk             |     7 |       ||     7
Armor: Skin              |     2 |     3 ||     5
Dodge: Dodged            |   108 |    25 ||   133
